 Dungeon Crawl Stone Soup version 0.16-a0-3667-g690a316 (webtiles) character file.

630 Sunflesh the Grappler (level 7, -17/78 HPs)
             Began as a Bearkin Monk on June 14, 2015.
             Demolished by an ogre
             ... wielding a +0 giant club
              (20 damage)
             ... on level 4 of the Dungeon.
             The game lasted 00:09:38 (5415 turns).

Sunflesh the Grappler (Bearkin Monk)                Turns: 5415, Time: 00:09:38

Health: -17/78     AC:  7    Str: 21    XL:     7   Next: 24%
Magic:  7/7        EV: 12    Int: 13    God:
Gold:   254        SH:  0    Dex: 14    Spells: 0 memorised, 6 levels left

rFire  . . .     SeeInvis .       - Unarmed
rCold  . . .     Clarity  .     p - +0 ring mail
rNeg   . . .     SustAb   .     (no shield)
rPois  .         Gourm    .     (no helmet)
rElec  .         Spirit   .     (no cloak)
rCorr  .         Warding  .     (no gloves)
rMut   .         Stasis   .     (no boots)
MR     .....                    (no amulet)
Stlth  ..........               (no ring)
                                m - +3 ring of intelligence

@: berserking, very quick, not resistant to hostile enchantments, extremely
unstealthy
A: claws 2, shaggy fur 2, hind claws 1, cornered berserk
a: Cornered Berserk


You were on level 4 of the Dungeon.
You were not hungry.

You visited 1 branch of the dungeon, and saw 4 of its levels.

You collected 254 gold pieces.

Inventory:

Armour
 p - a +0 ring mail (worn)
Jewellery
 m - a +3 ring of intelligence (left claw)
Scrolls
 d - a scroll of immolation {unknown}
 e - 2 scrolls of teleportation {unknown}
 h - a scroll of magic mapping {unknown}
 k - 2 scrolls of identify {unknown}
 l - a scroll of fog {unknown}
 n - a scroll of enchant weapon {unknown}
 q - a scroll of recharging {unknown}
 r - a scroll of fear {unknown}
Potions
 c - a potion of haste {unknown}
 f - a potion of magic {unknown}
 g - 2 potions of cure mutation {unknown}
 i - a potion of mutation {unknown}
 o - a potion of lignification {unknown}
Comestibles
 a - a beef jerky
 b - 3 bread rations
 j - a royal jelly


   Skills:
 - Level 3.0 Fighting
 - Level 2.4 Dodging
 - Level 1.5 Stealth
 + Level 8.9 Unarmed Combat


You had 6 spell levels left.
You didn't know any spells.

Dungeon Overview and Level Annotations

Branches:
Dungeon (4/15)
 Temple: D:4-7

Altars:
Gozag
Okawaru
Qazlal
Ru


Innate Abilities, Weirdness & Mutations

You have very sharp fingernails.
You are covered in thick fur (AC +2).
Your hind legs have claws.
You can berserk when greatly wounded.


Message History

The orc priest mumbles some strange prayers to Beogh against you.
Pain shoots through your body!
* * * LOW HITPOINT WARNING * * *
The orc hits you but does no damage.
You are electrocuted!
* * * LOW HITPOINT WARNING * * *
You closely miss the orc priest.
The orc priest is heavily wounded.
The orc priest hits you but does no damage.
The orc closely misses you.
You claw the orc!
You kill the orc!
You barely miss the orc.
Your hind claws misses the orc.
You mangle the orc!!
You kill the orc!
You claw the ogre!
The ogre begins to bleed from its wounds!
You claw the ogre.
The ogre is heavily wounded.
The ogre hits you with a giant club!!
You die...

. #.. #.. #.. #..
#.. #..
##.l####.###.#
#..o)@........
#...O###.###.#
###..#.#.# ..#
#......#.#..#
##.####.##.......
............######
##(........#....#
#########....#
#....#


You could see an ogre (bleeding), an iguana and an orc priest (bleeding).

Vanquished Creatures
  A gnoll sergeant (D:2)
  3 gnoll shamans (D:3)
  An orc wizard (D:2)
  An orc priest (D:3)
  Ijyb (D:3)
  4 adders
  28 gnolls
  A worm (D:2)
  2 giant geckos (D:3)
  6 orcs
  3 ball pythons
  7 giant cockroaches
  6 goblins
  8 hobgoblins
  21 jackals (D:3)
  7 kobolds
  A quokka (D:2)
  7 bats
  8 giant newts
  A hobgoblin zombie (D:4)
  3 kobold zombies (D:4)
  4 rats
124 creatures vanquished.

Notes
Turn   | Place    | Note
--------------------------------------------------------------
     0 | D:1      | Sunflesh, the Bearkin Monk, began the quest for the Orb.
     0 | D:1      | Reached XP level 1. HP: 18/18 MP: 1/1
   386 | D:2      | Reached XP level 2. HP: 20/24 MP: 2/2
   538 | D:2      | Found a stormy altar of Qazlal.
   539 | D:2      | Found an opulent altar of Gozag.
   572 | D:2      | Found a sacrificial altar of Ru.
   769 | D:2      | Found a sacrificial altar of Ru.
   833 | D:2      | Reached skill level 5 in Unarmed Combat
   833 | D:2      | Reached XP level 3. HP: 21/29 MP: 3/3
  1618 | D:2      | Gained mutation: You have very sharp fingernails. [bearkin transformation]
  1618 | D:2      | Reached XP level 4. HP: 16/35 MP: 4/4
  1830 | D:3      | Reached skill level 6 in Unarmed Combat
  2162 | D:3      | Reached XP level 5. HP: 38/41 MP: 5/5
  2625 | D:3      | Noticed a gnoll sergeant
  2720 | D:2      | HP: 2/41 [poisoned by a gnoll sergeant]
  3009 | D:2      | Killed a gnoll sergeant
  3009 | D:2      | Reached skill level 7 in Unarmed Combat
  3009 | D:2      | Gained mutation: You are covered in thick fur (AC +2). [bearkin transformation]
  3009 | D:2      | Reached XP level 6. HP: 32/47 MP: 6/6
  3269 | D:3      | Noticed Ijyb
  3981 | D:3      | Reached skill level 8 in Unarmed Combat
  4023 | D:3      | Killed Ijyb
  4104 | D:3      | HP: 1/70 [gnoll/club (5)]
  4143 | D:3      | Reached XP level 7. HP: 5/52 MP: 7/7
  4900 | D:4      | Found an iron altar of Okawaru.
  5025 | D:4      | HP: 2/52 [poisoned by a kobold]
  5033 | D:4      | HP: 2/52 [poisoned by a kobold]
  5409 | D:4      | HP: 2/78 [orc/short sword of electrocution (18)]
  5415 | D:4      | Demolished by an ogre

Action                   |  1- 3 |  4- 6 |  7- 9 || total
-------------------------+-------+-------+-------++-------
Melee: Unarmed           |    97 |   212 |    88 ||   397
 Abil: Cornered Berserk  |       |     1 |     2 ||     3
  Use: Potion            |       |     2 |       ||     2
 Stab: Sleeping          |     2 |       |     1 ||     3
       Distracted        |       |     1 |       ||     1
  Eat: Chunk             |     2 |     4 |     4 ||    10
       Bread ration      |       |     1 |       ||     1
       Beef jerky        |       |       |     1 ||     1
